 Dungeon Crawl Stone Soup version 0.31-a0-1338-gb567cfdca4 (console) character file.

Game seed: 3018924911494151170

162 jejorda2 the Chopper (level 5, -3/70 HPs)
             Began as a Gnoll Berserker on Dec 22, 2023.
             Was a Believer of Trog.
             Killed from afar by an acid dragon (22 damage)
             ... with a splash of acid
             ... on level 4 of the Dungeon.
             The game lasted 00:04:57 (2993 turns).

jejorda2 the Chopper (Gnoll Berserker)              Turns: 2993, Time: 00:04:58

Health: -3/70      AC:  0    Str: 19    XL:     5   Next: 43%
Magic:  7/7        EV: 13    Int:  6    God:    Trog [**....]
Gold:   78         SH:  0    Dex: 11    Spells: 7/7 levels left

rFire   . . .        a - +0 hand axe
rCold   . . .        (no shield)
rNeg    + . .        n - +0 leather armour
rPois   .            (no helmet)
rElec   .            (no cloak)
rCorr   .            (no gloves)
SInv    .            e - +0 pair of boots
Will    .....        (no amulet) Stlth
                     j - ring of positive energy
HPRegen 0.31/turn    (no ring)
MPRegen 0.10/turn

%: no passive effects
@: berserking, corroded, very quick
A: fangs 1, strong nose, distributed training
a: Renounce Religion, Berserk, Trog's Hand


You were on level 4 of the Dungeon.
You worshipped Trog.
Trog was pleased with you.
You visited 1 branch of the dungeon, and saw 4 of its levels.

You collected 203 gold pieces.
You spent 125 gold pieces at shops.

Inventory:

Hand Weapons
 a - a +0 hand axe (weapon)
Missiles
 h - 6 javelins
 o - 5 atropa-tipped darts
Armour
 e - a +0 pair of boots (worn)
 n - a +0 leather armour (worn)
Jewellery
 j - a ring of positive energy (left hand)
Scrolls
 b - a scroll of noise {unknown}
 c - 3 scrolls of vulnerability {unknown}
 f - 2 scrolls of teleportation
 l - a scroll of enchant armour {unknown}
 m - a scroll of fear {unknown}
 p - a scroll of amnesia {unknown}
 q - 2 scrolls of enchant weapon {unknown}
 s - a scroll of torment {unknown}
 t - a scroll of revelation
Potions
 d - a potion of lignification
 g - a potion of might
 i - a potion of brilliance {unknown}
 k - a potion of enlightenment {unknown}
 r - 2 potions of curing {unknown}


   Skills:
 + Level 6.7 Fighting
 + Level 1.5 Short Blades
 + Level 1.5 Long Blades
 + Level 6.7 Axes
 + Level 1.5 Maces & Flails
 + Level 1.5 Polearms
 + Level 1.5 Staves
 + Level 1.5 Ranged Weapons
 + Level 1.5 Throwing
 + Level 4.8 Armour
 + Level 4.8 Dodging
 + Level 1.5 Stealth
 + Level 1.5 Shields
 + Level 1.5 Unarmed Combat
 + Level 1.5 Spellcasting
 + Level 1.2 Conjurations
 + Level 1.2 Hexes
 + Level 1.2 Summonings
 + Level 1.2 Necromancy
 + Level 1.2 Translocations
 + Level 1.2 Fire Magic
 + Level 1.2 Ice Magic
 + Level 1.2 Air Magic
 + Level 1.2 Earth Magic
 + Level 1.2 Alchemy
 + Level 1.7 Invocations
 + Level 1.5 Evocations
 + Level 1.4 Shapeshifting


You had 7 spell levels left.
You didn't know any spells.
Your spell library was empty.

Dungeon Overview and Level Annotations

Branches:
Dungeon (4/15)
 Temple: D:4-7

Altars:

Shops:
D:1 ?   D:3 =


Innate Abilities, Weirdness & Mutations

You have very sharp teeth.
Your uncanny sense of smell can sniff out nearby items.
Your experience applies equally to all skills.


Message History

HP restored.
You see here a staff of conjuration.
You open the door.
There is an open door here.
r - 2 metallic orange potions (gained 1)
Found a stone staircase leading up.
Found 9 stones.
There is a stone staircase leading up here.
Found 7 stones.
Found an escape hatch in the ceiling.
Found 3 darts of dispersal.
An acid dragon comes into view.
Found a scroll labelled DEWIDW CULEUG.
A jackal comes into view.
You see here a scroll labelled DEWIDW CULEUG.
q - 2 scrolls labelled DEWIDW CULEUG (gained 1)
The jackal barks!
You hear a bark! x2
The jackal attacks as it pursues you!
The jackal bites you but does no damage.
The jackal completely misses you.
A red film seems to cover your vision as you go berserk!
You feel yourself moving faster!
You feel mighty! The acid dragon spits acid at you.
The splash of acid hits you!! The acid corrodes you! The jackal bites you.
You hear a bark!
You closely miss the acid dragon. Your bite misses the acid dragon.
You closely miss the jackal. The jackal barely misses you.
The acid dragon bites you! The acid dragon closely misses you.
You barely miss the acid dragon. You closely miss the jackal.
The jackal bites you.
You barely miss the acid dragon. Your bite misses the acid dragon.
You slash the jackal!
You kill the jackal!
Trog accepts your kill. The acid dragon bites you! The acid dragon claws you.
* * * LOW HITPOINT WARNING * * *
You hit the acid dragon.
The acid dragon is lightly wounded.
The acid dragon spits acid at you. The splash of acid hits you!!
You die...

#.∆ #. .. .. D #.
.## #. ..# #. #.#
#.###.###.# #+#
#..@D.....# #.#
#####.##### #.# #.#
##.############.#
####...#...........#
.........###########
.###...### ##.## #.#


You could see an acid dragon (catching breath).

Vanquished Creatures
  A hound (D:4)
  6 adders
  A bombardier beetle (D:3)
  3 worms
  A dart slug (D:1)
  3 orcs (D:3)
  4 ball pythons
  2 endoplasms (D:1)
  3 giant cockroaches
  2 goblins
  5 hobgoblins
  3 jackals
  6 quokkas
  7 bats
  5 frilled lizards
  4 kobolds
  3 rats
59 creatures vanquished.

Notes
Turn   | Place    | Note
-------+----------+-------------------------------------------
     0 | D:1      | jejorda2 the Gnoll Berserker began the quest for the Orb.
     0 | D:1      | Reached XP level 1. HP: 23/23 MP: 1/1
    91 | D:1      | Reached XP level 2. HP: 22/29 MP: 2/2
   325 | D:1      | Found Terontai's Magic Scroll Shoppe.
   340 | D:1      | Bought a scroll of teleportation for 30 gold pieces
   397 | D:1      | Reached XP level 3. HP: 25/35 MP: 3/3
   555 | D:1      | Bought a scroll of identify for 20 gold pieces
   703 | D:2      | Reached ** piety under Trog
   704 | D:2      | Reached skill level 1 in Invocations
  1058 | D:2      | Reached skill level 1 in Short Blades
  1058 | D:2      | Reached skill level 1 in Long Blades
  1058 | D:2      | Reached skill level 1 in Maces & Flails
  1058 | D:2      | Reached skill level 1 in Polearms
  1058 | D:2      | Reached skill level 1 in Staves
  1058 | D:2      | Reached skill level 1 in Ranged Weapons
  1058 | D:2      | Reached skill level 1 in Throwing
  1058 | D:2      | Reached skill level 1 in Stealth
  1058 | D:2      | Reached skill level 1 in Shields
  1058 | D:2      | Reached skill level 1 in Unarmed Combat
  1058 | D:2      | Reached skill level 1 in Spellcasting
  1058 | D:2      | Reached skill level 1 in Evocations
  1281 | D:2      | Reached skill level 1 in Shapeshifting
  1281 | D:2      | Reached XP level 4. HP: 30/41 MP: 5/5
  1833 | D:3      | Found a faded altar of an unknown god.
  1856 | D:3      | Found Hidef's Jewellery Shoppe.
  2050 | D:3      | Reached skill level 1 in Conjurations
  2050 | D:3      | Reached skill level 1 in Hexes
  2050 | D:3      | Reached skill level 1 in Summonings
  2050 | D:3      | Reached skill level 1 in Necromancy
  2050 | D:3      | Reached skill level 1 in Translocations
  2050 | D:3      | Reached skill level 1 in Fire Magic
  2050 | D:3      | Reached skill level 1 in Ice Magic
  2050 | D:3      | Reached skill level 1 in Air Magic
  2050 | D:3      | Reached skill level 1 in Earth Magic
  2050 | D:3      | Reached skill level 1 in Alchemy
  2351 | D:3      | Reached XP level 5. HP: 47/47 MP: 7/7
  2737 | D:1      | Bought a scroll of revelation for 75 gold pieces
  2983 | D:4      | Noticed an acid dragon
  2993 | D:4      | Killed from afar by an acid dragon

Illustrated notes

Levels and vault maps discovered:
D:1:      minmay_arrival_hallway, layout_rooms, serial_shops, shop,
          nicolae_wormholes
D:2:      layout_basic, minmay_misc_feat_ornament
D:3:      minmay_wonky_spiral, layout_basic, shapermc_ecumenical_altar_pompeii,
          serial_shops, shop, minmay_door_square, chequers_serial_rivers_small_a
D:4:      layout_loops_corners, grunt_temple_overflow_octagram

Skill      XL: |  1  2  3  4 |
---------------+-------------+-----
Invocations    | 1 |  1.7
Short Blades   | 1 |  1.5
Long Blades    | 1 |  1.5
Maces & Flails | 1 |  1.5
Polearms       | 1 |  1.5
Staves         | 1 |  1.5
Ranged Weapons | 1 |  1.5
Throwing       | 1 |  1.5
Stealth        | 1 |  1.5
Shields        | 1 |  1.5
Unarmed Combat | 1 |  1.5
Spellcasting   | 1 |  1.5
Evocations     | 1 |  1.5
Shapeshifting  | 1 |  1.4
Conjurations   | 1 |  1.2
Hexes          | 1 |  1.2
Summonings     | 1 |  1.2
Necromancy     | 1 |  1.2
Translocations | 1 |  1.2
Fire Magic     | 1 |  1.2
Ice Magic      | 1 |  1.2
Air Magic      | 1 |  1.2
Earth Magic    | 1 |  1.2
Alchemy        | 1 |  1.2
Fighting       | |  6.7
Axes           | |  6.7
Armour         | |  4.8
Dodging        | |  4.8

Action                     |  1- 3 |  4- 6 || total
---------------------------+-------+-------++-------
  Melee: Hand axe          |    97 |   113 ||   210
         Bite              |    10 |     9 ||    19
 Invoke: Berserk           |     2 |     1 ||     3
    Use: Scroll            |     3 |       ||     3
   Stab: Sleeping          |     2 |       ||     2
 Armour: Animal skin       |    59 |    22 ||    81
         Leather armour    |       |    39 ||    39
  Dodge: Dodged            |    76 |    61 ||   137

Table legend: (Time is in decaauts)
 A = Elapsed time spent in this place.
 B = Non-inter-level travel time spent in this place.
 C = Inter-level travel time spent in this place.
 D = Time resting spent in this place.
 E = Time spent auto-exploring this place.
 F = Levels seen in this place.
 G = Mean time per level.
                   A        B        C        D        E       F      G
               +--------+--------+--------+--------+--------+-----+--------+
         Total |   3005 |   2695 |    310 |    247 |   1947 |   4 |  751.2 |
       Dungeon |   3005 |   2695 |    310 |    247 |   1947 |   4 |  751.2 |
               +--------+--------+--------+--------+--------+-----+--------+

Top non-repeatable levels by time:
     D:2: 1154 daAuts
     D:3: 983 daAuts
     D:1: 681 daAuts
     D:4: 187 daAuts
